 Dungeon Crawl Stone Soup version 0.31.0-12-g77e489cdc1 (webtiles) character file.

Game seed: 9841013595067530195

26346 hawla the Tortoise (level 12, -5/91 HPs)
             Began as a Minotaur Fighter on Feb 17, 2024.
             Was an Initiate of Yredelemnul.
             Slain by a very large slime creature (46 damage)
             ... on level 14 of the Dungeon.
             The game lasted 00:32:43 (11410 turns).

hawla the Tortoise (Minotaur Fighter)              Turns: 11410, Time: 00:32:44

Health: -5/91      AC: 35    Str: 25    XL:     12   Next: 97%
Magic:  20/20      EV:  8    Int:  5    God:    Yredelemnul [......]
Gold:   1043       SH:  7    Dex: 11    Spells: 11/11 levels left

rFire   . . .        L - +8 Maxwell's thermic engine {flame, freeze, rev}
rCold   . . .        c - +2 buckler
rNeg    . . .        a - +1 crystal plate armour
rPois   +            (helmet restricted)
rElec   +            w - +0 cloak
rCorr   .            (no gloves)
SInv    .            k - +5 pair of boots "Veip" {rElec rPois}
Will    +....        r - amulet of regeneration Stlth
                     v - ring of flight
HPRegen 1.15/turn    l - ring of willpower
MPRegen 0.17/turn

%: no passive effects
@: flying
A: horns 2, retaliatory headbutt
a: Renounce Religion, Recall Undead Harvest


You were on level 14 of the Dungeon.
You worshipped Yredelemnul.
Yredelemnul was pleased with you.
You visited 2 branches of the dungeon, and saw 15 of its levels.
You also visited: Bailey.

You collected 1781 gold pieces.
You spent 738 gold pieces at shops.

Inventory:

Hand Weapons
 L - the +8 Maxwell's thermic engine (weapon) {flame, freeze, rev}
   (You found it on level 11 of the Dungeon)
Missiles
 m - 7 datura-tipped darts
 q - 24 poisoned darts (quivered)
 t - 8 curare-tipped darts
 y - a throwing net
Armour
 a - a +1 crystal plate armour (worn)
 c - a +2 buckler (worn)
 k - the +5 pair of boots "Veip" (worn) {rElec rPois}
   (You found it in a bailey)

   rElec:     It insulates you from electricity.
   rPois:     It protects you from poison
 w - a +0 cloak (worn)
Jewellery
 l - a ring of willpower (right hand)
 r - an amulet of regeneration (around neck)
 u - a ring of resist corrosion
 v - a ring of flight (left hand)
 A - a ring of protection from fire
Wands
 x - a wand of paralysis (8)
 D - a wand of quicksilver (7)
 E - a wand of roots (4)
 F - a wand of digging (4)
Scrolls
 e - 5 scrolls of vulnerability
 g - 2 scrolls of silence
 i - 3 scrolls of fog
 n - 7 scrolls of teleportation
 o - a scroll of torment
 H - 2 scrolls of enchant weapon
Potions
 b - a potion of mutation
 d - 3 potions of haste
 h - 2 potions of cancellation
 j - 8 potions of curing
 p - 2 potions of brilliance
 s - 2 potions of lignification
 B - a potion of ambrosia
 C - 2 potions of magic
 G - a potion of attraction {unknown}


   Skills:
 - Level 4.0 Fighting
 + Level 3.1 Long Blades
 - Level 2.4 Axes
 - Level 6.0 Throwing
 - Level 18.0 Armour
 - Level 8.0 Dodging
 - Level 5.0 Shields
 - Level 12.0 Invocations
 - Level 3.0 Evocations


You had 11 spell levels left.
You didn't know any spells.
Your spell library was empty.

Dungeon Overview and Level Annotations

Branches:
Dungeon (14/15)            Temple (1/1) D:4            Lair (0/5) D:9
    Orc (0/2) D:10         Bailey (visited)
 Vaults: D:13-14

Altars:
Ashenzari
Cheibriados
Dithmenos
Elyvilon
Fedhas
Gozag
Hepliaklqana
Kikubaaqudgha
Makhleb
Nemelex Xobeh
Okawaru
Qazlal
Ru
Sif Muna
Trog
Uskayaw
Vehumet
Wu Jian
Xom
Yredelemnul
Zin
The Shining One

Shops:
D:10 [(   D:12 ?

Annotations:
D:11 dig the loot


Innate Abilities, Weirdness & Mutations

You have a pair of horns on your head.
You reflexively headbutt those who attack you in melee.


Message History

The slime creature barely misses you. The slime creature hits you.
Two slime creatures merge to form a large slime creature.
Unknown command.
You hit the large slime creature. You burn the large slime creature.
You freeze the large slime creature.
The large slime creature is moderately wounded.
Unknown command.
You slash the large slime creature! You burn the large slime creature.
You freeze the large slime creature. You headbutt the large slime creature.
The large slime creature is moderately wounded.
Two slime creatures merge to form a very large slime creature.
You block the slime creature's attack. x2
Unknown command.
You hit the slime creature. You burn the slime creature.
You freeze the slime creature.
The slime creature is lightly wounded.
The slime creature hits you but does no damage. x2
The very large slime creature barely misses you.
You furiously retaliate!
You headbutt the very large slime creature.
You slash the slime creature! You burn the slime creature!
You freeze the slime creature.
The slime creature is heavily wounded.
You block the very large slime creature's attack.
The slime creature hits you but does no damage. x2
The very large slime creature hits you!!
The slime creature hits you but does no damage. x2
You slash the slime creature! You burn the slime creature!
You freeze the slime creature.
The slime creature is almost dead.
The very large slime creature hits you!
The slime creature hits you but does no damage.
The slime creature hits you!
Unknown command.
You slice the slime creature!! You burn the slime creature.
You kill the slime creature!
The very large slime creature hits you!!!
Ouch! That really hurt!
You die...
Your body rises from the dead as a mindless zombie.

## .# #. #....
...#......... ....##
...#.#. ..... ####......
#..#..###....##........
......#..............###
......#................#
................JJ.....#
.Z........#....y@......#
zy.<...# #..$........##
...[........#.<#.....##
........... #.###.#..#
..........# ## ##.##
........### # ........#
......### ..#..##


You could see a very large slime creature, a slime creature and a vampire
mosquito.

Vanquished Creatures
  A centaur warrior (D:8)
  A boulder beetle (D:12)
  4 two-headed ogres
  3 death yaks (D:9)
  A skeletal warrior (D:11)
  Lodul (D:13)
  An arcanist (D:12)
  2 ugly things
  An orc knight (Bailey)
  A manticore (D:12)
  2 cyclopes
  3 unseen horrors
  3 komodo dragons
  2 trolls
  A hornet (D:11)
  A troll (shapeshifter) (D:13)
  Prince Ribbit (D:7)
  A slime creature (D:14)
  A shadow (D:10)
  17 yaks
  A basilisk (D:11)
  Menkaure (D:7)
  2 vampire mosquitoes
  2 acid dragons
  A water moccasin (D:6)
  Duvessa (D:6)
  2 ice beasts
  A sky beast (D:5)
  4 black bears
  5 orc warriors
  6 ogres
  A centaur (D:11)
  A phantom (D:5)
  9 kobold brigands
  Blork the orc (D:6)
  2 bullfrogs (D:8)
  2 gnoll sergeants
  4 scorpions
  4 wights (D:8)
  5 killer bees (D:8)
  7 howler monkeys
  An orc priest (D:8)
  Crazy Yiuf (D:5)
  6 hounds
  2 sleepcaps
  7 iguanas
  4 orc wizards
  12 gnolls
  6 adders
  A river rat (D:9)
  2 shadow imps (D:6)
  4 ufetubi
  A dart slug (D:1)
  2 ribbon worms
  19 orcs
  14 ball pythons
  2 bats
  10 endoplasms
  2 giant cockroaches (D:1)
  4 goblins
  8 hobgoblins
  7 jackals
  4 quokkas
  2 frilled lizards (D:1)
  22 kobolds
  7 rats
260 creatures vanquished.

Vanquished Creatures (collateral kills)
  A boulder beetle (D:13)
  4 skeletal warriors (D:11)
  A deep elf pyromancer (D:12)
  A manticore (D:12)
  A cyclops (D:11)
  An unseen horror (D:6)
  A gargoyle (D:10)
  A wraith (D:13)
  A wyvern (D:7)
  3 yaks
  Eustachio (D:5)
  An acid dragon (D:9)
  An orc warrior (D:10)
  4 ogres (D:13)
  2 centaurs
  A gnoll sergeant (D:10)
  A scorpion (D:5)
  Dowan (D:6)
  5 howler monkeys
  A jelly (D:6)
  A sleepcap (D:6)
  An orc wizard (D:12)
  5 gnolls
  An ufetubus (D:7)
  A dart slug (D:5)
  2 orcs
  A rat (D:9)
45 creatures vanquished.

Vanquished Creatures (others)
  A kobold demonologist (D:9)
  A hornet zombie (D:11)
  A komodo dragon zombie (D:11)
  A water moccasin zombie (D:6)
  2 troll zombies
  3 yak zombies
  A centaur zombie (D:9)
  3 killer bee zombies (D:8)
  2 acid dragon zombies
  2 ogre zombies
  4 howler monkey zombies
  2 adder zombies (D:6)
  An iguana zombie (D:6)
  A jelly zombie (D:6)
  4 gnoll zombies (D:11)
  A dart slug zombie (D:5)
  A kobold (D:9)
  7 kobold zombies
  6 orc zombies
  A quokka zombie (D:9)
  3 rat zombies (D:9)
48 creatures vanquished.

Grand Total: 353 creatures vanquished

Notes
Turn   | Place    | Note
-------+----------+-------------------------------------------
     0 | D:1      | hawla the Minotaur Fighter began the quest for the Orb.
     0 | D:1      | Reached XP level 1. HP: 19/19 MP: 0/0
    76 | D:1      | Reached XP level 2. HP: 27/27 MP: 1/1
   399 | D:1      | Reached XP level 3. HP: 33/33 MP: 2/2
   534 | D:1      | Reached skill level 5 in Shields
   856 | D:2      | Reached skill level 1 in Dodging
  1917 | D:3      | Reached XP level 4. HP: 40/40 MP: 3/3
  1923 | D:3      | Found a faded altar of an unknown god.
  2028 | D:3      | Found a glowing golden altar of the Shining One.
  2221 | D:3      | Found a white marble altar of Elyvilon.
  2670 | D:4      | Reached XP level 5. HP: 35/46 MP: 4/4
  2783 | D:4      | Found a staircase to the Ecumenical Temple.
  2808 | Temple   | Entered the Ecumenical Temple
  2812 | Temple   | Became a worshipper of Yredelemnul the Dark
  2828 | D:4      | Noticed a yak
  2829 | D:4      | Noticed a yak
  2830 | D:4      | Noticed a yak
  2830 | D:4      | Noticed a yak
  2832 | D:4      | Noticed a yak
  2840 | D:4      | Reached skill level 5 in Dodging
  2840 | D:4      | Killed a yak
  2841 | D:4      | Reached XP level 6. HP: 17/52 MP: 5/5
  2842 | D:4      | Killed a yak
  2843 | D:4      | Reached XP level 7. HP: 23/59 MP: 6/6
  2843 | D:4      | Killed a yak
  2843 | D:4      | Reached * piety under Yredelemnul
  2846 | D:4      | Killed a yak
  2849 | D:4      | Killed a yak
  3247 | D:5      | Entered Level 5 of the Dungeon
  3255 | D:5      | Reached XP level 8. HP: 66/66 MP: 7/7
  3326 | D:5      | Reached skill level 5 in Throwing
  3456 | D:5      | Reached skill level 4 in Armour
  3460 | D:5      | Noticed Eustachio
  3461 | D:5      | Reached skill level 5 in Armour
  3465 | D:5      | Reached ** piety under Yredelemnul
  3487 | D:5      | Killed Eustachio
  3488 | D:5      | Reached skill level 6 in Armour
  3865 | D:5      | Found a runed translucent door.
  3866 | D:5      | Noticed Crazy Yiuf
  4109 | D:5      | Killed Crazy Yiuf
  4197 | D:6      | Reached skill level 7 in Armour
  4284 | D:6      | Reached skill level 8 in Armour
  4284 | D:6      | Reached XP level 9. HP: 58/71 MP: 8/8
  4293 | D:5      | Found a snail-covered altar of Cheibriados.
  4293 | D:5      | Found a stormy altar of Qazlal.
  4509 | D:6      | Reached skill level 9 in Armour
  4600 | D:6      | Noticed Blork the orc
  4611 | D:6      | Killed Blork the orc
  4649 | D:6      | Reached skill level 10 in Armour
  4693 | D:6      | Noticed Dowan
  4694 | D:6      | Noticed Duvessa
  4702 | D:6      | Killed Duvessa
  4703 | D:6      | Killed Dowan
  4820 | D:6      | Reached *** piety under Yredelemnul
  4822 | D:6      | Reached skill level 11 in Armour
  4871 | D:6      | Killed an unseen horror
  5071 | D:7      | Noticed Menkaure
  5077 | D:7      | Killed Menkaure
  5078 | D:7      | Reached skill level 12 in Armour
  5354 | D:7      | Noticed Prince Ribbit
  5375 | D:7      | Killed Prince Ribbit
  5376 | D:7      | Reached XP level 10. HP: 65/78 MP: 9/9
  5482 | D:7      | Reached skill level 13 in Armour
  6250 | D:8      | Noticed a centaur warrior
  6261 | D:8      | Killed a centaur warrior
  6262 | D:8      | Reached skill level 14 in Armour
  6721 | D:9      | Noticed a death yak
  6726 | D:9      | Noticed a death yak
  6726 | D:9      | Noticed a death yak
  6739 | D:9      | Reached skill level 15 in Armour
  6758 | D:9      | Noticed a smoke demon
  6867 | D:9      | Found a flagged portal.
  6887 | Bailey   | Entered a bailey
  6911 | Bailey   | Reached skill level 16 in Armour
  6974 | Bailey   | Identified the +5 pair of boots "Veip" {rElec rPois}
  6995 | Bailey   | Noticed an orc knight
  6996 | Bailey   | Found a burning altar of Makhleb.
  7011 | Bailey   | Killed an orc knight
  7012 | Bailey   | Reached XP level 11. HP: 23/84 MP: 10/10
  7266 | D:9      | Found a sacrificial altar of Ru.
  7334 | D:9      | Found a staircase to the Lair.
  7357 | D:9      | Killed a death yak
  7364 | D:9      | Killed a death yak
  7365 | D:9      | Reached skill level 17 in Armour
  7376 | D:9      | Killed a death yak
  7609 | D:10     | Entered Level 10 of the Dungeon
  7629 | D:10     | Reached skill level 18 in Armour
  7714 | D:10     | Found Fuiqit's Armour Shoppe.
  7724 | D:10     | Reached skill level 1 in Evocations
  7759 | D:10     | Found a staircase to the Orcish Mines.
  7759 | D:10     | Found Iclisel's Weapon Boutique.
  8121 | D:10     | Reached **** piety under Yredelemnul
  8137 | D:10     | Found a radiant altar of Vehumet.
  8290 | D:10     | Reached skill level 1 in Invocations
  8492 | D:11     | Found the +2 Maxwell's thermic engine {flame, freeze, rev}
  8534 | D:11     | Noticed a two-headed ogre
  8551 | D:11     | Killed a two-headed ogre
  8613 | D:11     | Reached skill level 5 in Invocations
  8646 | D:11     | Noticed a skeletal warrior
  8649 | D:11     | Noticed a skeletal warrior
  8649 | D:11     | Noticed a skeletal warrior
  8649 | D:11     | Noticed a skeletal warrior
  8650 | D:11     | Noticed a skeletal warrior
  8658 | D:11     | Killed a skeletal warrior
  8781 | D:11     | Killed a skeletal warrior
  8782 | D:11     | Reached XP level 12. HP: 85/91 MP: 15/15
  9291 | D:12     | Noticed a two-headed ogre
  9298 | D:12     | Killed a two-headed ogre
  9591 | D:12     | Noticed a two-headed ogre
  9596 | D:12     | Noticed a two-headed ogre
  9602 | D:12     | Killed a two-headed ogre
  9607 | D:12     | Killed a two-headed ogre
  9608 | D:12     | Reached skill level 10 in Invocations
  9714 | D:12     | Noticed a boulder beetle
  9726 | D:12     | Killed a boulder beetle
  9727 | D:12     | Reached ***** piety under Yredelemnul
  9753 | D:12     | Found a glowing golden altar of the Shining One.
  9904 | D:12     | Found Orghas Urchoic's Magic Scroll Emporium.
  9912 | D:12     | Bought a scroll of enchant weapon for 135 gold pieces
  9912 | D:12     | Bought a scroll of blinking for 135 gold pieces
  9912 | D:12     | Bought a scroll of enchant weapon for 135 gold pieces
  9912 | D:12     | Bought a scroll of identify for 36 gold pieces
  9912 | D:12     | Bought a scroll of teleportation for 54 gold pieces
  9912 | D:12     | Bought a scroll of identify for 36 gold pieces
  9912 | D:12     | Bought a scroll of identify for 36 gold pieces
  9912 | D:12     | Bought a scroll of identify for 36 gold pieces
  9912 | D:12     | Bought a scroll of enchant armour for 135 gold pieces
 10394 | D:13     | Noticed a boulder beetle
 10428 | D:13     | Killed a boulder beetle
 11034 | D:13     | Noticed Lodul
 11053 | D:13     | Reached skill level 1 in Long Blades
 11056 | D:13     | Killed Lodul
 11324 | D:13     | HP: 4/91 [skeletal warrior/+0 short sword (17)]
 11410 | D:14     | Slain by a very large slime creature

Illustrated notes

Levels and vault maps discovered:
D:1:      co_arrival_random_square_maze, layout_loops_ring
D:2:      layout_basic, st_stairs_6, kennysheep_cross_bottleneck
D:3:      layout_basic, lemuel_crystal_altar, mainiacjoe_overflow_paths,
          nicolae_ecumenical_snake_handling, chequers_serial_rivers_micro_e,
          small_statue_intersection
D:4:      nicolae_cairo_tiling_large, layout_cave_pools,
          minmay_temple_entry_grid, corexii_shack
D:5:      layout_cave_pods, nicolae_overflow_hidden_temple, st_stairs_4,
          dk_rats_in_the_wall, uniq_eustachio, uniq_crazy_yiuf_cottage
D:6:      layout_rooms, hangedman_abyss_or_decor_jellyfish_corner,
          nzn_random_ring, uniq_blork_the_orc, uniq_duvessa
D:7:      layout_loops_corners, uniq_menkaure, uniq_prince_ribbit1
D:8:      layout_loops_ring, minmay_misc_feat_plants
D:9:      layout_roguey, nicolae_ru_awakened_eye, dpeg_lair_monsters,
          serial_rivers, chequers_serial_rivers_marsh,
          chequers_serial_rivers_room_b, chequers_serial_rivers_small_a,
          chequers_serial_rivers_room_b, enter_bailey_5
D:10:     layout_irregular_city, fiery_altar_vehumet, orc_david_3, serial_shops,
          shop
D:11:     layout_irregular_city, serial_glass, glass_columns_a, glass_columns_b,
          minmay_strange_pillars, due_unseen_surprise, feat_on_display
D:12:     layout_long_grid, serial_shops, nicolae_shop_tiny_statue_garden,
          nicolae_tso_carved_into_rock
D:13:     nicolae_cairo_tiling_very_big, layout_basic, serial_curves,
          eino_curves_03, eino_curves_03, uniq_lodul
D:14:     layout_cave_pools, hangedman_vaults_entry_quadrant_bands,
          nicolae_lava_and_water
Temple:   nicolae_temple_x_marks_the_god

Skill      XL: |  1  2  3  4  5  6  7  8  9 10 11 12 |
---------------+-------------------------------------+-----
Fighting       | 4 |  4.0
Shields        | 4 5 |  5.0
Dodging        | 2 4 6 7 8 |  8.0
Throwing       | 4 6 |  6.0
Armour         | 8 12 16 18 | 18.0
Evocations     | 3 |  3.0
Invocations    | 6 12 | 12.0
Long Blades    | 3 |  3.1
Axes           | |  2.4

Action                     |  1- 3 |  4- 6 |  7- 9 | 10-12 || total
---------------------------+-------+-------+-------+-------++-------
  Melee: War axe           |    92 |    50 |   231 |   408 ||   781
         Headbutt          |    15 |     5 |    45 |   119 ||   184
         Double sword      |       |       |       |   106 ||   106
         Unarmed           |       |       |       |     1 ||     1
  Throw: Throwing net      |       |       |       |     1 ||     1
         Dart              |       |       |       |     6 ||     6
 Invoke: Recall Undead Har |       |       |       |     2 ||     2
  Evoke: Wand              |       |       |       |     4 ||     4
    Use: Scroll            |     4 |       |     7 |    20 ||    31
         Potion            |       |     1 |       |     4 ||     5
   Stab: Distracted        |       |       |     1 |     5 ||     6
 Armour: Scale mail        |    55 |    50 |   142 |       ||   247
         Chain mail        |       |       |    96 |       ||    96
         Plate armour      |       |       |    47 |   599 ||   646
         Crystal plate arm |       |       |       |    71 ||    71
  Dodge: Dodged            |    35 |    42 |   196 |   274 ||   547
  Block: Buckler           |    17 |    19 |    88 |   248 ||   372
